cohdb
Replays
Latest Replays
All Replays
Popular Replays
Top Player Replays
Match Explorer
How It Works
Community
CoH3 Stats
Reddit
Sign in to upload your games and track your stats! →
Sign in with Steam
Match 45184692
Unlisted
Match 45184692
Overview
Messages
Build Orders
End
Kettenkrad Recon Vehicle
Construct Infanterie Kompanie
Selects Mechanized Battlegroup
MG 42 Machine Gun Team
Grenadier Squad
Grenadier Squad
Construct Panzergrenadier Kompanie
Construct Luftwaffe Kompanie
Jäger Squad
Selects Spotting Scopes
Jäger Squad
Construct Panzer Kompanie
Selects Raid Package
Selects StuG Assault Group
Stoßtruppen Squad
Panzer IV Medium Tank
Selects UNKNOWN (2160084)
Panzer IV Medium Tank
f0rt
Gatom
frostie
HelpingHans
Crazy Dog
ZhukovUranus
0
0
Comments
sign in to comment!
No comments posted yet!